Map: Deathaura LE

Players

Cham

  • Race: Zerg Zerg
  • League: Grandmaster
  • Spawn Location: 11:00

Kelazhur - Winner!

  • Race: Terran Terran
  • Spawn Location: 5:00

Event: DreamHack SC2 Masters 2020 Winter

VOD

Have the link to the VOD?

Description

Time

  • Played on: Oct. 25, 2020, 4:36 p.m.
  • Length: 10:13

All games in this series

Show
View Real Time Build Order
Export as new Build Order

Cham Zerg 

Build Orders: Hatch First, Muta Ling Bane 

Get SALT Encoding   

  12  0:00  Drone  
  13  0:08  Drone  
  14  0:16  Overlord  
  14  0:35  Drone x2  
  16  0:47  Hatchery  
  15  0:50  Drone  
  15  0:55  Drone  
  17  0:58  Drone  
  18  1:09  Extractor  
  17  1:13  Spawning Pool  
  17  1:17  Drone  
  17  1:21  Drone  
  18  1:30  Drone  
  19  1:42  Drone  
  20  1:51  Overlord  
  20  2:00  Queen x2  
  20  2:01  Zergling x4  
  26  2:11  Drone  
  26  2:12  Drone  
  26  2:13  Metabolic Boost  
  28  2:23  Drone x2  
  30  2:37  Hatchery  
  30  2:41  Drone x2  
  31  2:47  Queen  
  31  2:51  Overlord  
  33  2:56  Overlord  
  33  2:59  Drone  
  33  3:00  Drone  
  35  3:11  Drone x4  
  39  3:13  Drone  
  39  3:18  Drone x2  
  42  3:22  Queen  
  42  3:26  Overlord  
  44  3:33  Drone  
  45  3:36  Drone  
  45  3:40  Zergling x4  
  48  3:41  Overlord  
  48  3:44  Drone x4  
  52  3:49  Queen  
  52  3:53  Drone x2  
  56  3:57  Baneling Nest  
  56  3:58  Overlord  
  55  4:04  Lair  
  55  4:08  Queen  
  57  4:10  Zergling x2  
  57  4:12  Zergling x2  
  57  4:14  Zergling x2  
  60  4:17  Extractor  
  60  4:18  Drone  
  60  4:20  Overlord  
  60  4:21  Drone x2  
  60  4:23  Drone x2  
  64  4:25  Drone  
  64  4:26  Drone  
  64  4:30  Drone x3  
  69  4:33  Overlord  
  69  4:36  Drone  
  69  4:37  Drone  
  71  4:39  Overlord  
  71  4:42  Drone x2  
  71  4:43  Drone  
  74  4:46  Spore Crawler  
  74  4:48  Drone x2  
  74  4:51  Drone x3  
  78  4:54  Spore Crawler  
  78  4:56  Spore Crawler  
  78  4:57  Spore Crawler  
  78  4:59  Drone  
  76  5:01  Spore Crawler  
  75  5:08  Baneling x2  
  75  5:09  Spire  
  75  5:10  Drone x3  
  75  5:11  Baneling  
  76  5:14  Extractor  
  76  5:15  Drone x2  
  76  5:20  Drone x5  
  80  5:22  Drone, Extractor  
  80  5:27  Drone x2  
  80  5:28  Overlord  
  82  5:29  Drone  
  82  5:30  Drone x2  
  82  5:34  Extractor  
  82  5:35  Extractor, Overlord  
  83  5:41  Drone x2  
  85  5:49  Zergling x4  
  87  5:50  Overlord  
  85  5:58  Drone  
  85  6:00  Zergling x6  
  85  6:02  Zergling x4  
  90  6:07  Hatchery  
  90  6:10  Drone  
  89  6:11  Overlord  
  89  6:16  Baneling x3  
  89  6:20  Zergling x14  
  89  6:23  Overlord  
  96  6:26  Overlord  
  96  6:28  Mutalisk  
  96  6:29  Mutalisk x3  
  104  6:38  Mutalisk  
  106  6:44  Mutalisk x3  
  112  6:48  Drone, Overlord  
  112  6:49  Mutalisk, Overlord  
  112  6:51  Overlord  
  112  6:52  Zergling x6  
  118  6:55  Overlord  
  118  6:57  Baneling x5  
  118  7:00  Zergling x4  
  120  7:06  Mutalisk  
  120  7:07  Overlord  
  122  7:08  Drone  
  122  7:11  Hatchery  
  122  7:13  Mutalisk  
  124  7:16  Drone x5  
  124  7:17  Drone  
  124  7:18  Overlord  
  124  7:19  Centrifical Hooks  
  124  7:22  Drone x2  
  132  7:24  Drone  
  132  7:25  Drone  
  132  7:27  Mutalisk  
  136  7:32  Evolution Chamber  
  136  7:34  Overlord  
  136  7:35  Evolution Chamber, Drone x2  
  136  7:36  Baneling  
  136  7:37  Baneling, Overlord  
  136  7:39  Drone  
  136  7:42  Mutalisk x2  
  136  7:44  Drone x2  
  136  7:49  Extractor  
  136  7:50  Extractor  
  135  7:52  Drone x6  
  135  7:53  Zergling x2  
  142  7:58  Baneling x6  
  142  7:59  Baneling x2, Zergling x4  
  142  8:05  Drone x6  
  148  8:10  Drone x2  
  148  8:12  Zergling x2  
  148  8:27  Mutalisk x3  
  148  8:30  Drone x5  
  148  8:31  Overlord  
  148  8:32  Zergling x12  
  148  8:33  Mutalisk  
  165  8:36  Zergling x4  
  169  8:43  Mutalisk x2  
  169  8:48  Baneling x4  
  169  8:58  Zergling x24  
  169  9:01  Zergling x4  
  165  9:06  Zergling x2  
  165  9:07  Zergling x2  
  165  9:08  Baneling x5  
  161  9:16  Zergling x2  
  150  9:21  Zergling x2  
  133  9:25  Zergling x8  
  133  9:26  Mutalisk x3, Zergling x2  
  133  9:27  Zergling x8  
  133  9:29  Baneling x5  
  133  9:30  Zergling x2  
  141  9:34  Zergling x2  
  141  9:37  Zergling x6  
  142  9:42  Mutalisk x2  
  142  9:43  Zergling x2  
  137  9:46  Mutalisk  
  137  9:48  Baneling x5  
  137  9:49  Zergling x4  
Show
View Real Time Build Order
Export as new Build Order

Kelazhur Terran - Winner!

Build Orders: Reaper Expand, Hellion Banshee 

Get SALT Encoding   

  12  0:00  SCV  
  13  0:12  SCV  
  14  0:16  Supply Depot  
  14  0:24  SCV  
  15  0:38  SCV  
  15  0:39  Barracks  
  16  0:44  Refinery  
  16  0:50  SCV  
  17  1:02  SCV  
  18  1:14  SCV  
  19  1:27  Orbital Command, Reaper  
  20  1:39  Command Center  
  20  1:46  Supply Depot  
  20  1:52  SCV  
  21  1:59  Marine  
  22  2:04  Factory  
  22  2:06  SCV  
  23  2:18  SCV  
  23  2:21  Barracks Reactor  
  24  2:30  SCV  
  25  2:43  SCV  
  26  2:44  Command Center  
  26  2:52  Orbital Command  
  26  2:56  SCV  
  27  2:59  Starport  
  27  3:02  Hellion  
  29  3:09  Hellion  
  29  3:10  SCV  
  32  3:17  Barracks Tech Lab, Refinery  
  32  3:18  SCV  
  33  3:22  SCV  
  33  3:25  Hellion  
  36  3:30  Hellion  
  36  3:31  SCV  
  40  3:34  SCV  
  40  3:45  Banshee  
  40  3:47  SCV x2  
  45  3:56  Hellion x2  
  45  3:57  Orbital Command  
  45  3:59  SCV x2  
  51  4:10  Barracks Tech Lab  
  51  4:11  SCV x2  
  51  4:16  Supply Depot  
  53  4:23  SCV x2  
  55  4:27  SCV, Barracks  
  55  4:30  Barracks  
  56  4:32  Factory Reactor  
  56  4:34  Supply Depot, Marine  
  56  4:35  SCV, Stimpack  
  58  4:42  SCV  
  58  4:43  Engineering Bay  
  58  4:45  SCV  
  60  4:47  Engineering Bay  
  60  4:50  Starport Reactor  
  60  4:52  SCV  
  61  4:53  Refinery  
  61  4:54  SCV  
  61  4:55  Refinery  
  61  4:56  Marine  
  61  4:57  Supply Depot, SCV  
  64  5:04  SCV  
  64  5:06  SCV  
  66  5:09  SCV  
  66  5:12  Terran Infantry Weapons Level 1  
  66  5:13  Terran Infantry Armor Level 1  
  66  5:14  Marine  
  67  5:16  SCV, Marine  
  67  5:18  SCV  
  67  5:20  Marine  
  72  5:27  Marine, Orbital Command  
  72  5:28  Marine, SCV  
  76  5:29  Medivac  
  76  5:32  Marine, Supply Depot  
  78  5:36  Supply Depot  
  78  5:38  Medivac, Marine  
  78  5:39  Marine  
  78  5:41  SCV x2  
  84  5:43  Barracks  
  84  5:44  Barracks  
  84  5:45  Marine  
  84  5:49  Supply Depot  
  85  5:54  Marine x2, SCV x2  
  85  5:55  SCV  
  90  5:58  Marine  
  90  5:59  Marine  
  90  6:03  Marine  
  92  6:06  SCV x2  
  92  6:08  Armory, SCV  
  92  6:09  Supply Depot  
  95  6:11  Marine  
  95  6:16  Factory Reactor  
  96  6:18  SCV x2  
  96  6:20  Marine x3  
  96  6:22  SCV  
  96  6:25  Marine  
  103  6:30  Medivac, Refinery, SCV  
  103  6:31  Command Center, Barracks Reactor x2  
  106  6:33  SCV  
  106  6:35  Marine  
  106  6:36  SCV  
  106  6:38  Marine  
  110  6:41  Marine  
  110  6:43  SCV  
  110  6:44  Marine x2  
  110  6:46  SCV  
  115  6:50  Supply Depot  
  115  6:52  Marine  
  116  6:55  Marine  
  117  7:08  Terran Infantry Weapons Level 2, Terran Infantry Armor Level 2  
  117  7:10  Factory  
  117  7:12  Widow Mine x2, Marine x3, SCV  
  125  7:16  Supply Depot  
  125  7:19  Supply Depot  
  125  7:26  SCV, Supply Depot  
  125  7:28  Missile Turret  
  125  7:30  Combat Shield  
  125  7:38  Marine x4, Medivac x2  
  125  7:40  Bunker, Marine x5  
  142  7:44  Widow Mine x2  
  142  7:51  Supply Depot  
  142  7:55  Marine x4, Factory Tech Lab  
  143  7:59  SCV  
  143  8:01  Missile Turret  
  143  8:03  SCV x2, Marine  
  143  8:05  Supply Depot  
  145  8:08  Missile Turret, Medivac x2  
  145  8:11  Marine x2, SCV  
  149  8:14  Marine x2  
  149  8:15  Marine x2  
  153  8:21  Widow Mine x3, Drilling Claws  
  153  8:22  Marine  
  153  8:25  Marine, Missile Turret, Supply Depot  
  153  8:26  Supply Depot  
  161  8:27  Marine  
  162  8:37  Planetary Fortress  
  162  8:38  Marine x4  
  162  8:40  SCV x3  
  169  8:44  Supply Depot x2  
  169  8:52  SCV  
  169  8:55  Marine x3  
  158  9:03  Widow Mine x3  
  158  9:05  Medivac x2, Marine  
  158  9:09  Supply Depot  
  165  9:24  Marine x8  
  144  9:26  SCV x2  
  144  9:27  SCV  
  144  9:29  SCV  
  149  9:31  Widow Mine  
  149  9:32  Widow Mine, Command Center  
  152  9:40  Marine  
  152  9:41  Marine  
  152  9:42  Marine x2  
  161  9:46  SCV x3, Marine  
  161  9:47  Marine  
  163  10:04  Barracks  
  163  10:06  Barracks x2  
Tags
 
Add a new tag
Caveats
  • Supply blocks, unpowered buildings, or Contaminate may cause inaccurate times.
  • Supply counts are checked every 10 seconds.